 Dungeon Crawl Stone Soup version 0.28.0-53-g5a82cb258f (webtiles) character file.

Game seed: 7075211568170366500

121 Malstradamus the Shooter (level 4, 0/40 HPs)
             Began as a Minotaur Hunter on July 8, 2022.
             Slain by Sigmund
             ... wielding a +1 scythe of protection
              (7 damage)
             ... on level 2 of the Dungeon.
             The game lasted 00:09:06 (1680 turns).

Malstradamus the Shooter (Minotaur Hunter)          Turns: 1680, Time: 00:09:07

Health: 0/40       AC:  3    Str: 16    XL:     4   Next: 77%
Magic:  3/3        EV: 12    Int:  8    God:
Gold:   46         SH:  0    Dex: 13    Spells: 3/3 levels left

rFire   . . .      SeeInvis .   b - +0 short sword
rCold   . . .      Faith    .   (no shield)
rNeg    . . .      Spirit   .   m - +0 leather armour of Pragmatism {Will++}
rPois   .          Reflect  .   (helmet restricted)
rElec   .          Harm     .   (no cloak)
rCorr   .          Rampage  .   (no gloves)
Will    ++...                   (no boots)
Stlth   ++........              (no amulet)
HPRegen 0.13/turn               (no ring)
MPRegen 0.08/turn               (no ring)

@: about to teleport
A: horns 2, retaliatory headbutt
a: no special abilities


You were on level 2 of the Dungeon.
You visited 1 branch of the dungeon, and saw 2 of its levels.

You collected 46 gold pieces.

Inventory:

Hand Weapons
 a - a +1 shortbow
 b - a +0 short sword (weapon)
Missiles
 d - 2 arrows
 f - 57 stones (quivered)
 i - 27 sling bullets
 j - 92 bolts
Armour
 c - a +0 leather armour
 m - the +0 leather armour of Pragmatism (worn) {Will++}
   (You found it on level 2 of the Dungeon)

   Will:      It greatly increases your willpower.
 n - a +0 barding
Scrolls
 o - a scroll of magic mapping {unknown}
Potions
 e - 2 potions of curing
 h - a potion of brilliance {unknown}


   Skills:
 + Level 3.6 Fighting
 + Level 5.1 Bows
 + Level 1.3 Throwing
 + Level 3.3 Dodging
 - Level 1.4 Stealth


You had 3 spell levels left.
You didn't know any spells.
Your spell library was empty.

Dungeon Overview and Level Annotations

Branches:
Dungeon (2/15)

Altars:

Annotations:
D:2 Sigmund


Innate Abilities, Weirdness & Mutations

You have a pair of horns on your head.
You reflexively headbutt those who attack you in melee.


Message History

You open the gate.
There is an open gate here.
o - a scroll labelled WELUGE JOAWO
There is an open gate here.
Sigmund the Dreaded comes into view.
He is wielding a +1 scythe of protection.
You shoot an arrow. The arrow hits Sigmund.
Sigmund is lightly wounded.
Sigmund giggles. "Time to reap what you sow."
You shoot an arrow. The arrow closely misses Sigmund.
You shoot an arrow. The arrow closely misses Sigmund.
Sigmund hits you from afar with a +1 scythe of protection.
b - a +0 short sword (weapon)
Sigmund hits you with a +1 scythe of protection.
You hit Sigmund but do no damage. You headbutt Sigmund!
Sigmund is moderately wounded.
Sigmund casts a spell.
Sigmund flickers and vanishes!
Deactivating autopickup; reactivate with Ctrl-A.
No target in view!
Hit: b) +0 short sword
Press: ? - help, Dir - move target You hit something.
Your headbutt misses something.
You hear some strange, mumbled words.
A magic dart appears from out of thin air!
The magic dart hits you.
Hit: b) +0 short sword
Press: ? - help, Dir - move target You closely miss something.
Something hits you!
As you read the scroll labelled LEMYOL RENNI, it crumbles to dust.
It is a scroll of amnesia.
You feel forgetful for a moment.
As you read the scroll labelled VATEIB UCVYNUCVUO, it crumbles to dust.
It is a scroll of identify.
e - 2 potions of curing Something hits you!
* * * LOW HITPOINT WARNING * * *
As you read the scroll labelled FIUNODW PILETI, it crumbles to dust.
You feel strangely unstable.
It was a scroll of teleportation.
Something hits you!
You die...

#.###......#.###.##....§≈≈###≈≈..
#.........##.# #.#.....≈§## ##≈§.
###<#..##.##.# #.#....≈§## ##≈≈
#.##........# #.'....≈## ##≈
##.#.###.#### #.'...≈≈# #≈
##..##.## #.'....≈## ##§ ##.#.##
#.#....≈≈## ##≈≈ #####..##
#.#.....≈≈## ##≈≈. ......##
#@##.....≈≈###≈≈.. #######
#.{##.....≈≈≈≈≈...
##..##......≈.....
#(.##........... #..##.........#
#(.##.......## #..###+++### #..


There were no monsters in sight!

Vanquished Creatures
  3 gnolls (D:2)
  4 adders (D:2)
  A worm (D:2)
  2 dart slugs (D:1)
  5 endoplasms
  4 giant cockroaches (D:1)
  4 hobgoblins
  4 jackals (D:2)
  A quokka (D:2)
  3 ball pythons
  4 bats
  3 frilled lizards
  4 goblins
  5 kobolds
  4 rats
51 creatures vanquished.

Notes
Turn   | Place    | Note
-------+----------+-------------------------------------------
     0 | D:1      | Malstradamus the Minotaur Hunter began the quest for the
                  | Orb.
     0 | D:1      | Reached XP level 1. HP: 18/18 MP: 0/0
   141 | D:1      | Reached skill level 1 in Stealth
   176 | D:1      | Reached XP level 2. HP: 24/25 MP: 1/1
   346 | D:1      | Found a faded altar of an unknown god.
   492 | D:1      | Reached XP level 3. HP: 31/31 MP: 2/2
  1005 | D:2      | Reached XP level 4. HP: 31/38 MP: 3/3
  1181 | D:2      | Reached skill level 1 in Throwing
  1193 | D:2      | Reached skill level 5 in Bows
  1289 | D:2      | Identified the +0 leather armour of Pragmatism {Will++}
  1656 | D:2      | Noticed Sigmund
  1680 | D:2      | Slain by Sigmund

Illustrated notes

Levels and vault maps discovered:
D:1:      ncdulo_wetmaze, layout_rooms, shapermc_ecumenical_altar_mp_highgroup
D:2:      minmay_wonky_spiral, layout_loops_ring, grunt_decor_clamped,
          kennysheep_donut, uniq_sigmund

Skill      XL: |  1  2  3  4 |
---------------+-------------+-----
Stealth        | 1 |  1.4
Fighting       | 3 |  3.6
Dodging        | 3 |  3.3
Throwing       | 1 |  1.3
Bows           | 5 |  5.1

Action                   |  1- 3 |  4- 6 || total
-------------------------+-------+-------++-------
Melee: Short sword       |       |    13 ||    13
       Headbutt          |       |     2 ||     2
 Fire: Shortbow          |    85 |    29 ||   114
  Use: Scroll            |       |     3 ||     3
Armor: Leather armour    |    10 |     6 ||    16
Dodge: Dodged            |    17 |    13 ||    30
